 Dungeon Crawl Stone Soup version 0.32-a0-938-g40ac7a0f4d (webtiles) character file.

Game seed: 15442659543322050870

1471860 Daunt the Ex Machina (level 27, 217/249 HPs)
             Began as a Coglin Fighter on Apr 15, 2024.
             Was the Champion of Trog.
             Escaped with the Orb
             ... and 3 runes on Apr 16, 2024!
             The game lasted 06:04:47 (91313 turns).

Daunt the Ex Machina (Coglin Fighter)              Turns: 91313, Time: 06:04:48

Health: 217/249    AC: 47    Str: 36    XL:     27
Magic:  23/23      EV: 13    Int: 13    God:    Trog [******]
Gold:   2991       SH:  0    Dex: 14    Spells: 26/26 levels left

rFire   + + .        Y - +3 broad axe of Nuebrugux {drain, rN+ Str+2 Int+2}
rCold   + + .        a - +7 war axe of Reinforcement {flame, rF+ rC+}
rNeg    + . .        i - +12 gold dragon scales of Lachrymose the Leaf {Harm rPois rF+ rC+ rCorr}
rPois   +            D - +2 helmet {SInv}
rElec   +            O - +0 cloak "Ucyfiv" {-Cast rElec Str+7}
rCorr   +            P - +2 pair of gloves {hurl}
SInv    +            u - +1 pair of boots
Will    ++++.        (amulet unavailable) Stlth
                     (ring unavailable)
HPRegen 0.61/turn    (ring unavailable)
MPRegen 0.18/turn    T - pneumatic core {RevParry, rPois Will+ rCorr}

%: no spellcasting, random rage (3%), harm (+30% outgoing, +20% incoming)
@: studying 2 skills
A: off-hand wielding, slow wielding, warmup strikes, no jewellery, berserk 1,
strong-willed 1, screaming 1, inability to drink after injury 1
0: Orb of Zot
}: 3/15 runes: decaying, serpentine, slimy
a: Renounce Religion, Berserk, Trog's Hand, Brothers in Arms


You escaped.
You worshipped Trog.
Trog was exalted by your worship.
You visited 12 branches of the dungeon, and saw 55 of its levels.
You also visited: Sewer and Volcano.

You collected 8432 gold pieces.
You spent 5441 gold pieces at shops.

Inventory:

Hand Weapons
 a - the +7 war axe of Reinforcement (offhand) {flame, rF+ rC+}
   (Trog gifted it to you on level 4 of the Depths)

   rF+:       It protects you from fire.
   rC+:       It protects you from cold.
 F - a +9 broad axe of freezing {Dolic}
 Y - the +3 broad axe of Nuebrugux (weapon) {drain, rN+ Str+2 Int+2}
   (You acquired it on level 2 of the Vaults)

   Str+2:     It affects your strength (+2).
   Int+2:     It affects your intelligence (+2).
   rN+:       It protects you from negative energy.
Missiles
 b - 96 stones
 k - 14 javelins
 v - 3 throwing nets
 x - 18 curare-tipped darts
 C - 30 boomerangs (quivered)
 N - 10 atropa-tipped darts
 U - 5 darts of dispersal
 V - 5 datura-tipped darts
 W - 5 poisoned darts
 Z - a silver javelin
Armour
 i - the +12 gold dragon scales of Lachrymose the Leaf (worn) {Harm rPois rF+ rC+ rCorr}
   (You took it off a deep elf blademaster on level 3 of the Elven Halls)

   rF+:       It protects you from fire.
   rC+:       It protects you from cold.
   rPois:     It protects you from poison.
   rCorr:     It protects you from acid and corrosion.
   Harm:      It increases damage dealt and taken.
 u - a +1 pair of boots (worn)
 D - a +2 helmet of see invisible (worn)
 O - the +0 cloak "Ucyfiv" (worn) {-Cast rElec Str+7}
   (You found it on level 3 of the Elven Halls)

   Str+7:     It affects your strength (+7).
   rElec:     It insulates you from electricity.
   -Cast:     It prevents spellcasting.
 P - a +2 pair of gloves of hurling (worn)
Gizmo
 T - a pneumatic core (installed) {RevParry, rPois Will+ rCorr}
   (You invented it yourself on level 4 of the Lair of Beasts)

   [pneumatic core]

   RevParry:  Your AC increases as you Rev (up to +5) and while fully Revved,
   your attacks may disarm enemies.
   rPois:     It protects you from poison.
   Will+:     It increases your willpower.
   rCorr:     It protects you from acid and corrosion.
Wands
 t - a wand of charming (24)
 G - a wand of iceblast (20)
 H - a wand of digging (18)
 J - a wand of quicksilver (15)
 Q - a wand of mindburst (40)
Scrolls
 c - 9 scrolls of immolation
 f - 14 scrolls of teleportation
 m - 9 scrolls of revelation
 r - 11 scrolls of fear
 s - 8 scrolls of poison
 y - 5 scrolls of fog
 A - 2 scrolls of summoning
 B - 4 scrolls of blinking
 E - 8 scrolls of enchant weapon
 K - 4 scrolls of silence
 L - 9 scrolls of vulnerability
Potions
 d - 9 potions of might
 g - 5 potions of berserk rage
 j - 17 potions of curing
 l - 11 potions of mutation
 n - 7 potions of resistance
 o - 13 potions of heal wounds
 p - 5 potions of haste
 w - 13 potions of attraction
 z - 5 potions of enlightenment
 I - a potion of cancellation
 M - a potion of invisibility
 R - 3 potions of lignification
 S - 2 potions of ambrosia
Miscellaneous
 e - a phial of floods
 h - a phantom mirror
 q - a lightning rod (4/4)
 X - a box of beasts


   Skills:
 O Level 27 Fighting
 + Level 20.1(21.0) Axes
 - Level 9.9(15.4) Polearms
 - Level 15.0 Throwing
 + Level 20.4 Armour
 - Level 15.0 Dodging
 - Level 2.1 Shields
 O Level 27 Evocations


You had 26 spell levels left.
You didn't know any spells.
Your spell library was empty.

Dungeon Overview and Level Annotations

Branches:
Dungeon (15/15)            Temple (0/1) D:6            Lair (5/5) D:11
  Swamp (4/4) Lair:2        Snake (4/4) Lair:3        Slime (5/5) Lair:4
    Orc (2/2) D:10            Elf (3/3) Orc:2        Vaults (4/5) D:13
  Crypt (3/3) Vaults:2       Tomb (0/3) Crypt:3      Depths (4/4) D:15
   Hell (visited)             Zot (5/5) Depths:4      Sewer (visited)
Volcano (visited)
    Dis: Hell:1         Geh: Hell:1         Coc: Hell:1         Tar: Hell:1

Altars:
Ashenzari
Dithmenos
Fedhas
Hepliaklqana
Kikubaaqudgha
Makhleb
Nemelex Xobeh
Okawaru
Qazlal
Trog
Xom
Yredelemnul
Zin
The Shining One
Beogh
Jiyva
Lugonu

Shops:
D:2 ?*?[   D:12 =   D:13 *   Orc:1 =:   Orc:2 [*::   Vaults:1 [   Vaults:2 (
Vaults:3 :   Vaults:4 (   Depths:4 (

Portals:
Hell: Depths:1 Depths:2 Depths:3 Depths:4
Abyss: Depths:1 Depths:3
Pandemonium: Depths:2
Ziggurat: Depths:3

Annotations:
D:2 1 runed translucent door, Crazy Yiuf
Lair:3 fly
Crypt:1 fly
Depths:4 6 runed translucent doors
Hell Geryon
Zot:3 3 runed translucent doors, Cuhyol's ghost, veteran MfSh; Gadrel's ghost, veteran AtFi; Kinwaexu's ghost, veteran OnBe; Obluekk's ghost, veteran MiBe


Innate Abilities, Weirdness & Mutations

You can wield a second weapon in your off-hand.
It takes a long time for you to wield or remove held weapons.
Your first few attacks do less damage.
You cannot equip rings or amulets.
You sometimes lose your temper in combat.
You are strong-willed. (Will+)
You occasionally shout uncontrollably at your foes.
You occasionally lose the ability to drink potions when taking damage.


Message History

You are confused.
You feel invigorated.
You start resting.
You feel less invigorated.
You feel less confused.
You start resting.
A hell beast comes into view.
The hell beast bites you but does no damage.
The hell beast barely misses you.
You slash the hell beast with the +3 broad axe of Nuebrugux!
The hell beast is moderately wounded.
You slice the hell beast with the +7 war axe of Reinforcement!!
You burn the hell beast!
The hell beast bites you but does no damage.
The hell beast completely misses you.
You carve the hell beast like a ham with the +7 war axe of Reinforcement!!!
You burn the hell beast.
You kill the hell beast!
Trog accepts your kill.
You start resting.
A smoke demon comes into view.
You closely miss the smoke demon with the +3 broad axe of Nuebrugux.
You closely miss the smoke demon with the +7 war axe of Reinforcement.
You slash the smoke demon with the +7 war axe of Reinforcement!
You burn the smoke demon.
The smoke demon is heavily wounded.
You hit the smoke demon but do no damage.
You carve the smoke demon like a ham with the +7 war axe of Reinforcement!!!
You burn the smoke demon.
You kill the smoke demon!
Trog accepts your kill.
You start resting.
A blizzard demon comes into view.
The blizzard demon shouts!
The blizzard demon gestures at you.
You climb upwards.
There is a stone staircase leading down here.
There is an open door here.
There is a staircase leading out of the dungeon here.
You have escaped!

#...............................
#.................#...#########.
##.......######'#>##...# ##.
##.....## ##.#.#....# #..
####### ##..#.#....#######..
##...#.....#.........
##....##......#####...
##......#####...#......
#.....@.....+...÷....#.
######......#####.#........
##...###....##..............
###..### ##...#..#.....###..##
####......# ##..#..#÷...## #..##
.........## ##.#.....#.####..##
..........######+#.##..#...##..#
........)..............###.##.##
..............####..##.# #.##.#


There were no monsters in sight!

Vanquished Creatures
  the Royal Jelly (Slime:5)
  Frederick (Depths:3)
  5 orbs of fire (Zot:5)
  A dread lich (Zot:5)
  2 ancient liches (Zot:5)
  The ghost of Vytzaeja the Slayer, a veteran OnBe of Trog (Zot:2)
  Vashnia (Snake:4)
  9 Killer Klowns
  Saint Roka (Snake:3)
  4 curse toes
  4 caustic shrikes (Depths:4)
  6 golden dragons
  2 bone dragons
  A Brimstone Fiend (Depths:4)
  4 electric golems
  A Tzitzimitl (D:2)
  An Ice Fiend (D:15)
  Mlioglotl (Swamp:2)
  Jorgrun (Orc:2)
  8 tentacled monstrosities
  4 liches
  Zenata (Vaults:3)
  A Hell Sentinel (D:6)
  2 deep elf blademasters (Elf:3)
  29 Orb Guardians
  7 quicksilver dragons
  4 deep elf master archers
  4 sphinxes
  2 Executioners (D:14)
  17 acid blobs
  6 ancient champions
  8 death cobs
  Kirke (Lair:4)
  3 tengu reavers
  4 protean progenitors
  Donald (Snake:2)
  8 shadow dragons
  11 draconian monks
  The ghost of D0namaru the Lord of Darkness, an adept DsNe of Kikubaaqudgha (Snake:2)
  Aizul (Snake:2)
  12 storm dragons
  4 nagarajas (Snake:4)
  14 azure jellies
  3 draconian shifters
  8 fire giants
  4 frost giants
  12 rockslimes
  9 draconian knights
  A ghost moth (shapeshifter) (Zot:2)
  7 vault wardens
  A balrug (Depths:4)
  4 deep elf elementalists (Elf:3)
  2 iron dragons (Zot:4)
  4 deep elf sorcerers (Elf:3)
  4 draconian stormcallers
  8 draconian scorchers
  An orc warlord (Vaults:2)
  4 ghost moths
  14 ironbound preservers
  4 angels (Zot:2)
  2 curse skulls
  A spriggan defender (Depths:3)
  3 reapers
  A formless jellyfish (Vaults:3)
  A cacodemon (Depths:1)
  11 quicksilver oozes
  5 draconian annihilators
  14 very ugly things
  15 stone giants
  A caustic shrike skeleton (Crypt:1)
  2 ironbound thunderhulks
  A juggernaut skeleton (Crypt:1)
  9 black draconians
  Nessos (D:15)
  3 deep elf demonologists (Elf:3)
  16 green draconians
  2 lorocyprocas
  4 spark wasps
  2 eleionomae (Swamp:4)
  4 bunyips
  4 deep elf death magi
  10 white draconians
  7 vampire knights
  7 deep elf annihilators (Elf:3)
  7 war gargoyles
  6 purple draconians
  12 red draconians
  17 dire elephants
  5 eidola
  8 yellow draconians
  9 ettins
  Snorg (Lair:5)
  A green death (Depths:2)
  10 fire dragons
  4 deep elf high priests
  5 great orbs of eyes
  9 yaktaur captains
  2 entropy weavers
  11 ice dragons
  5 salamander tyrants
  The ghost of Uramy the Fighter, a journeyman GrFi of Hepliaklqana (Snake:3)
  A fenstrider witch zombie (Crypt:2)
  2 hell beasts
  5 ogre magi
  7 anacondas
  2 juggernaut simulacra (Crypt:3)
  A spriggan skeleton (Crypt:3)
  10 ironbound frosthearts
  5 rakshasas
  4 vault guards
  The ghost of uglyjohn the Destroyer, a journeyman DrCj of Vehumet (D:10)
  11 alligators
  15 hydras
  4 peacekeepers
  A radroach (Zot:4)
  3 spriggan air magi
  A quicksilver dragon skeleton (Crypt:3)
  A ghost crab (Swamp:3)
  3 death knights
  A fenstrider witch skeleton (Crypt:3)
  Erica (D:10)
  2 satyrs (Zot:2)
  14 centaur warriors
  3 catoblepae
  25 dancing weapons
  5 deep troll shamans
  8 deep troll earth magi
  2 sphinx skeletons
  15 two-headed ogres
  8 tengu warriors
  3 hell hogs (Depths:1)
  10 death yaks
  4 boulder beetles
  4 vampire magi
  A demonic crawler (D:2)
  16 shock serpents
  4 soul eaters
  24 naga warriors
  12 naga sharpshooters
  2 spriggan berserkers
  A hell knight (Volcano)
  15 deep elf knights
  9 sun demons
  5 iron trolls
  Sonja (Lair:5)
  A skyshark (Lair:4)
  An iron giant zombie (Crypt:2)
  8 goliath frogs
  5 shadow wraiths (Crypt:3)
  5 naga ritualists
  10 salamander mystics
  5 glowing orange brains
  4 flayed ghosts
  A sixfirhy (Depths:1)
  17 skeletal warriors
  2 spriggan druids (Swamp:3)
  6 arcanists
  15 deep elf archers
  10 swamp dragons
  A ghost moth zombie (Crypt:3)
  5 large abominations
  5 sea snakes
  An anaconda zombie (Hell)
  9 mana vipers
  A shadow demon (Depths:1)
  62 deep trolls
  4 bog bodies
  An orange crystal statue (Crypt:1)
  6 thermic dynamos
  3 spriggan simulacra (Crypt:3)
  7 orc knights
  5 phantasmal warriors
  An anaconda skeleton (Hell)
  An obsidian statue (Vaults:1)
  2 necromancers
  20 lindwurms
  26 ugly things
  13 ironbound convokers
  7 oklob plants
  28 deep elf pyromancers
  18 deep elf zephyrmancers
  A fire giant zombie (Vaults:4)
  3 orc sorcerers
  7 shining eyes
  5 will-o-the-wisps
  32 salamanders
  19 elephants
  4 cyclopes
  9 manticores
  23 moths of wrath
  2 meliai (D:15)
  10 guardian serpents
  A kobold blastminer (Orc:2)
  37 black mambas
  2 human skeletons (Vaults:4)
  4 gargoyles
  2 eyes of devastation
  23 naga magi
  2 smoke demons
  Maggie (D:7)
  16 vault sentinels
  A guardian serpent (shapeshifter) (Vaults:2)
  16 cane toads
  3 molten gargoyles
  A torpor snail (Lair:5)
  A hellion (Zot:4)
  An unseen horror (shapeshifter) (Elf:3)
  A green draconian zombie (Crypt:1)
  3 efreet
  17 freezing wraiths
  6 komodo dragons
  2 unseen horrors
  33 yaktaurs
  A rime drake (shapeshifter) (Elf:3)
  4 rime drakes
  A tengu conjurer (Depths:2)
  An alligator snapping turtle skeleton (Crypt:3)
  2 kobold demonologists (D:10)
  A catoblepas skeleton (Crypt:2)
  A red devil (Depths:4)
  A hydra zombie (Hell)
  A polar bear (shapeshifter) (D:15)
  3 trolls
  A queen bee (Lair:2)
  6 tyrant leeches
  A pale draconian skeleton (Crypt:1)
  4 polar bears
  4 hornets
  3 glass eyes
  9 blink frogs
  A glass eye (shapeshifter) (Elf:3)
  2 iron dragon simulacra (Crypt:3)
  2 human simulacra (Vaults:4)
  A wind drake zombie (Crypt:3)
  128 slime creatures
  2 centaur simulacra
  A ynoxinul (D:10)
  2 air elementals (Elf:2)
  40 yaks
  An ettin skeleton (Crypt:2)
  7 spriggans
  10 wraiths
  8 wyverns
  Sigmund (D:2)
  3 naga simulacra (Crypt:3)
  A vampire (D:11)
  8 water elementals
  A shadow (D:10)
  A dire elephant simulacrum (Crypt:3)
  6 fire bats (Volcano)
  3 fire elementals
  A neqoxec (Depths:2)
  6 hogs
  Eustachio (D:4)
  Grum (D:11)
  A sea snake simulacrum (Hell)
  10 basilisks
  3 steam dragons
  3 vampire mosquitoes (D:13)
  2 redbacks
  3 chaos spawn
  2 wargs
  3 harpy simulacra (Crypt:3)
  Menkaure (D:4)
  Edmund (D:5)
  58 nagas
  16 swamp worms
  3 acid dragons
  6 hell hounds
  29 water moccasins
  A fire bat skeleton (Crypt:2)
  A sky beast (D:4)
  A water nymph skeleton (Crypt:3)
  23 ogres
  9 swamp drakes
  2 ice beasts
  7 black bears
  13 laughing skulls
  20 orc warriors
  2 ettin simulacra (Crypt:3)
  22 wolves
  A crocodile (Sewer)
  A boggart (Vaults:2)
  9 centaurs
  3 phantoms
  4 kobold brigands
  7 bullfrogs
  2 gnoll sergeants
  4 earth elementals
  7 wights
  59 killer bees
  7 howler monkeys
  3 electric eels
  4 lava snakes (Volcano)
  A centaur zombie (Crypt:1)
  11 orc priests
  A gnoll bouda (D:9)
  3 hounds
  A jelly (D:4)
  Jessica (D:2)
  3 sleepcaps
  5 iguanas
  A boggart zombie (Crypt:1)
  15 orc wizards
  A hound zombie (Crypt:2)
  Robin (D:2)
  16 gnolls
  9 adders
  A river rat (Lair:2)
  A swamp drake skeleton (Crypt:1)
  A shadow imp (D:5)
  A white imp (D:6)
  2 ufetubi (D:6)
  An iguana skeleton (Crypt:1)
  6 dart slugs
  4 ribbon worms (D:3)
  63 orcs
  2 endoplasms
  4 giant cockroaches
  7 hobgoblins
  9 jackals
  5 quokkas
  8 ball pythons
  5 bats
  17 goblins
  A goblin zombie (Crypt:3)
  15 kobolds
  8 rats
  A river rat skeleton (Crypt:1)
  3 aspiring fleshes
2274 creatures vanquished.

Vanquished Creatures (collateral kills)
  A curse toe (Zot:2)
  A protean progenitor (Zot:2)
  A draconian monk (Zot:2)
  An ironbound preserver (Vaults:1)
  A black draconian (Zot:2)
  A hydra (Lair:2)
  An obsidian bat (Orc:2)
  2 cane toads (Lair:2)
  A komodo dragon (Lair:2)
  3 ogres (Orc:2)
  A killer bee (Lair:2)
  2 orcs (Orc:2)
16 creatures vanquished.

Vanquished Creatures (others)
  A draconian monk (Zot:3)
  A draconian scorcher (Zot:1)
  An ettin (Depths:3)
  5 bloated husks
  Grinder (D:6)
  2 swamp drakes (Swamp:4)
  A gnoll (D:4)
  10 foxfires
22 creatures vanquished.

Grand Total: 2312 creatures vanquished

Notes
Turn   | Place    | Note
-------+----------+-------------------------------------------
     0 | D:1      | Daunt the Coglin Fighter began the quest for the Orb.
     0 | D:1      | Reached XP level 1. HP: 18/18 MP: 1/1
   146 | D:1      | Reached XP level 2. HP: 24/24 MP: 2/2
   289 | D:1      | Reached XP level 3. HP: 28/29 MP: 3/3
   477 | D:2      | Noticed Sigmund
   493 | D:2      | Killed Sigmund
   494 | D:2      | Reached skill level 5 in Polearms
   494 | D:2      | Reached XP level 4. HP: 15/35 MP: 4/4
   494 | D:2      | Reached XP level 5. HP: 18/41 MP: 5/5
   645 | D:2      | Found Fyuriuti's Antique Armour Shop.
   658 | D:2      | Noticed Robin
   745 | D:2      | Killed Robin
   811 | D:2      | Reached XP level 6. HP: 47/47 MP: 6/6
   943 | D:2      | Noticed Jessica
   952 | D:2      | Killed Jessica
  1032 | D:2      | Found a runed translucent door.
  1033 | D:2      | Noticed Crazy Yiuf
  1104 | D:2      | Found Duiq's Assorted Antiques.
  1107 | D:2      | Found Ifequ's Magic Scroll Emporium.
  1129 | D:2      | Bought a scroll labelled OFEOHI HISARAI for 30 gold pieces
  1129 | D:2      | Bought a smoky blue potion for 27 gold pieces
  1129 | D:2      | Bought a metallic emerald potion for 27 gold pieces
  1129 | D:2      | Bought a bubbling emerald potion for 27 gold pieces
  1220 | D:2      | Found Ohadghal's Magic Scroll Shoppe.
  1765 | D:3      | Found a sparkling altar of Nemelex Xobeh.
  2025 | D:3      | Found a glowing drain.
  2031 | Sewer    | Entered a sewer
  2190 | Sewer    | Identified the staff "Pageohig" {*Corrode rC+ MP+9 Int+3
                  | Dex+5 Hexes Ice}
  2380 | D:2      | Bought a scroll of identify for 24 gold pieces
  2409 | D:2      | Bought a scroll labelled TUOWEAJARGH for 30 gold pieces
  2733 | D:3      | Found a broken altar of Ashenzari.
  2736 | D:3      | Found a glowing silver altar of Zin.
  2737 | D:3      | Found a shadowy altar of Dithmenos.
  2737 | D:3      | Found a bloodstained altar of Trog.
  2738 | D:3      | Found a stormy altar of Qazlal.
  2746 | D:3      | Became a worshipper of Trog the Wrathful
  2776 | D:3      | Reached XP level 7. HP: 52/52 MP: 7/7
  3245 | D:2      | Bought a scroll of teleportation for 36 gold pieces
  3655 | D:4      | Noticed Eustachio
  3672 | D:4      | Killed Eustachio
  3673 | D:4      | Reached skill level 1 in Dodging
  4023 | D:4      | Reached XP level 8. HP: 23/58 MP: 8/8
  4232 | D:4      | Noticed Menkaure
  4257 | D:4      | Killed Menkaure
  4482 | D:4      | Found an iron altar of Okawaru.
  4482 | D:4      | Found a burning altar of Makhleb.
  4543 | D:4      | Found a basalt altar of Yredelemnul.
  4554 | D:4      | Found a glowing golden altar of the Shining One.
  4556 | D:4      | Noticed an angel
  4864 | D:5      | Entered Level 5 of the Dungeon
  5041 | D:5      | Reached * piety under Trog
  5190 | D:5      | Noticed Edmund
  5206 | D:5      | Killed Edmund
  5447 | D:5      | Reached XP level 9. HP: 60/66 MP: 9/9
  5697 | D:2      | Bought a scroll of blinking for 75 gold pieces
  5901 | D:6      | Reached skill level 5 in Fighting
  6030 | D:6      | Noticed Grinder
  6045 | D:6      | Killed Grinder
  6068 | D:6      | Found a staircase to the Ecumenical Temple.
  6577 | D:7      | Reached skill level 1 in Throwing
  6922 | D:7      | Reached skill level 5 in Armour
  7082 | D:7      | Noticed Maggie
  7095 | D:7      | Killed Maggie
  7096 | D:7      | Reached XP level 10. HP: 76/76 MP: 10/10
  7226 | D:7      | Found a hazy altar of Hepliaklqana.
  7336 | D:8      | Reached ** piety under Trog
  7365 | D:8      | Reached skill level 1 in Axes
  7939 | D:8      | Reached skill level 5 in Axes
  8628 | D:9      | Noticed a gargoyle
  8648 | D:9      | Killed a gargoyle
  8842 | D:9      | Reached *** piety under Trog
  9765 | D:2      | Bought a scroll of poison for 48 gold pieces
  9765 | D:2      | Bought a scroll of summoning for 114 gold pieces
  9924 | D:10     | Entered Level 10 of the Dungeon
 10035 | D:10     | Noticed uglyjohn's ghost (journeyman DrCj)
 10041 | D:10     | Found a runed translucent door.
 10360 | D:2      | Bought a scroll of silence for 95 gold pieces
 10360 | D:2      | Bought a scroll of immolation for 40 gold pieces
 10360 | D:2      | Bought a scroll of vulnerability for 40 gold pieces
 10512 | D:10     | Noticed a kobold demonologist
 10520 | D:10     | Noticed a sixfirhy
 10520 | D:10     | Noticed a kobold demonologist
 10526 | D:10     | Noticed a sun demon
 10526 | D:10     | Killed a kobold demonologist
 10527 | D:10     | Reached XP level 11. HP: 27/81 MP: 11/11
 11447 | D:10     | Found a staircase to the Orcish Mines.
 11454 | D:10     | HP: 4/81 [something (5)]
 11687 | D:10     | Reached skill level 10 in Axes
 12261 | D:11     | Noticed a manticore
 12261 | D:11     | Noticed a cyan ugly thing
 12308 | D:11     | Noticed Erica
 12451 | Orc:1    | Entered Level 1 of the Orcish Mines
 12451 | Orc:1    | Found Ryg Vett's Jewellery Boutique.
 12652 | Orc:1    | Found Xiami's Self-Improvement Boutique.
 13257 | Orc:1    | Noticed an orc sorcerer
 13272 | Orc:1    | Killed an orc sorcerer
 13670 | Orc:2    | Entered Level 2 of the Orcish Mines
 13670 | Orc:2    | Noticed Jorgrun
 13670 | Orc:2    | Found a roughly hewn altar of Beogh.
 13766 | Orc:2    | Reached **** piety under Trog
 13768 | Orc:2    | Noticed an orc knight
 14015 | D:2      | Bought a steaming helmet for 237 gold pieces
 14015 | D:2      | Identified the +1 helmet "Toxemoh" {rElec Will+} (You
                  | bought it in a shop on level 2 of the Dungeon)
 14028 | D:2      | Bought a shiny chain mail for 187 gold pieces
 14297 | D:10     | Killed Erica
 14564 | D:2      | Bought a glimmering leather armour for 175 gold pieces
 14564 | D:2      | Identified the +3 leather armour of Impatience {Str+2} (You
                  | bought it in a shop on level 2 of the Dungeon)
 14679 | D:11     | Found a staircase to the Lair.
 14777 | D:11     | Noticed a two-headed ogre
 14855 | D:10     | Reached skill level 1 in Evocations
 14949 | D:10     | HP: 3/81 [poisoned by a killer bee]
 14951 | D:10     | HP: 1/81 [poisoned by a killer bee]
 15206 | D:11     | Killed a two-headed ogre
 15266 | D:11     | Killed a manticore
 15267 | D:11     | Reached XP level 12. HP: 80/88 MP: 12/12
 15552 | D:11     | Reached skill level 5 in Evocations
 15577 | D:11     | Noticed Grum
 16115 | D:11     | Killed Grum
 16226 | D:11     | Noticed a two-headed ogre
 16231 | D:11     | a two-headed ogre changed into a swamp worm
 16387 | Lair:1   | Entered Level 1 of the Lair of Beasts
 16887 | Lair:1   | Reached skill level 5 in Dodging
 17502 | Lair:1   | Reached ***** piety under Trog
 18744 | Lair:2   | Reached XP level 13. HP: 88/96 MP: 13/13
 19028 | Lair:2   | Received a gift from Trog
 19646 | Lair:2   | Found the crystal ball of Wucad Mu {*channel}
 19968 | Lair:2   | Found a staircase to the Swamp.
 20523 | Lair:3   | Found a dark tunnel.
 20539 | Volcano  | Entered a volcano
 20736 | Volcano  | Found a burning altar of Makhleb.
 21821 | Lair:3   | Found a staircase to the Snake Pit.
 22710 | Lair:4   | Reached XP level 14. HP: 34/106 MP: 14/14
 22710 | Lair:4   | Acquired a pneumatic core {RevParry, rPois Will+ rCorr}
 23583 | Lair:4   | Reached skill level 10 in Evocations
 23745 | Lair:4   | Received a gift from Trog
 24067 | Lair:4   | Noticed Kirke
 24379 | Lair:4   | Killed Kirke
 24620 | Lair:4   | Found a staircase to the Slime Pits.
 25029 | Lair:4   | Found a viscous altar of Jiyva.
 25246 | Lair:5   | Entered Level 5 of the Lair of Beasts
 25360 | Lair:5   | Reached skill level 10 in Fighting
 25458 | Lair:5   | Noticed Snorg
 25476 | Lair:5   | Killed Snorg
 25651 | Lair:5   | Noticed Sonja
 25660 | Lair:5   | Killed Sonja
 25735 | Lair:5   | Reached XP level 15. HP: 93/116 MP: 15/15
 26155 | Lair:5   | Reached skill level 15 in Axes
 27205 | Orc:2    | Found a staircase to the Elven Halls.
 27435 | Orc:2    | Received a gift from Trog
 27443 | Orc:2    | Reached skill level 10 in Armour
 27458 | Orc:2    | Killed Jorgrun
 27877 | Orc:2    | Found Rostyolo's Book Shop.
 27877 | Orc:2    | Found Oqapn's Book Emporium.
 27878 | Orc:2    | Found Divapn's Assorted Antiques.
 27878 | Orc:2    | Found Nyzesmu's Antique Armour Boutique.
 28001 | Orc:2    | Reached skill level 10 in Dodging
 28612 | D:2      | Bought a runed plate armour for 780 gold pieces
 28807 | D:10     | Killed uglyjohn's ghost
 29041 | D:12     | Reached XP level 16. HP: 122/126 MP: 16/16
 29071 | D:12     | Found Xesho's Jewellery Emporium.
 29545 | D:12     | Identified the ring "Tenere" {^Drain rF- Will+ Dex+6 SInv}
 29633 | D:13     | Found Pecupire's General Store.
 29666 | D:13     | Received a gift from Trog
 29774 | D:13     | Identified the +0 leather armour of Eternal Vigilance {rN+
                  | Dex+4}
 29936 | D:13     | Found a gate to the Vaults.
 30917 | Orc:2    | Bought an encrusted scale mail for 279 gold pieces
 30917 | Orc:2    | Identified the +6 scale mail of Delenur {Rampage rPois}
                  | (You bought it in a shop on level 2 of the Orcish Mines)
 31512 | D:15     | Entered Level 15 of the Dungeon
 31755 | D:15     | Found a staircase to the Depths.
 31805 | D:15     | Found a shadowy altar of Dithmenos.
 31958 | D:15     | Noticed Nessos
 31965 | D:15     | Killed Nessos
 32112 | D:15     | Reached ****** piety under Trog
 32849 | Snake:1  | Entered Level 1 of the Snake Pit
 32864 | Snake:1  | Identified the +6 broad axe of Ibbim {antimagic, rC- Str+4
                  | SInv} (Trog gifted it to you on level 1 of the Snake Pit)
 32864 | Snake:1  | Received a gift from Trog
 33497 | Snake:1  | Reached XP level 17. HP: 135/135 MP: 17/17
 33856 | Snake:1  | Reached skill level 5 in Throwing
 34110 | Snake:2  | Found a runed translucent door.
 34110 | Snake:2  | Found a shimmering altar of Xom.
 34110 | Snake:2  | Noticed D0namaru's ghost (adept DsNe)
 34248 | Snake:2  | Identified the serpent talisman of Time Monsters {rCorr}
 34248 | Snake:2  | Noticed Aizul
 34270 | Snake:2  | Killed Aizul
 34667 | Snake:2  | Noticed Donald
 34677 | Snake:2  | Killed Donald
 34868 | Snake:2  | Found a blossoming altar of Fedhas.
 35219 | Snake:2  | Received a gift from Trog
 35963 | Snake:3  | Noticed Saint Roka
 35978 | Snake:3  | Killed Saint Roka
 37356 | Snake:3  | Found a transporter.
 37357 | Snake:3  | Found a transporter.
 37375 | Snake:3  | Noticed Uramy's ghost (journeyman GrFi)
 37884 | Snake:4  | Entered Level 4 of the Snake Pit
 38274 | Snake:4  | Reached XP level 18. HP: 138/145 MP: 18/18
 38285 | Snake:4  | Reached skill level 15 in Evocations
 40459 | Snake:4  | Noticed Vashnia
 40478 | Snake:4  | Killed Vashnia
 40606 | Snake:4  | Identified the ring "Zuontaomo" {rElec rF++ Int-3 Dex+6
                  | Stlth+}
 40616 | Snake:4  | Reached skill level 15 in Armour
 40618 | Snake:4  | Received a gift from Trog
 41016 | Snake:4  | Found an iron altar of Okawaru.
 41221 | Snake:4  | Got a serpentine rune of Zot
 41314 | Snake:4  | Reached skill level 15 in Fighting
 42044 | Swamp:1  | Entered Level 1 of the Swamp
 43253 | Swamp:2  | Noticed Mlioglotl
 43264 | Swamp:2  | Killed Mlioglotl
 43353 | Swamp:2  | Received a gift from Trog
 43854 | Swamp:3  | Reached XP level 19. HP: 130/155 MP: 19/19
 44345 | Swamp:3  | Noticed a tentacled monstrosity
 44357 | Swamp:3  | Killed a tentacled monstrosity
 44434 | Swamp:3  | Identified the +0 quarterstaff of a Labyrinth {flame, Int+2
                  | Dex+3}
 45077 | Swamp:4  | Entered Level 4 of the Swamp
 45366 | Swamp:4  | Received a gift from Trog
 46803 | Swamp:4  | Got a decaying rune of Zot
 47156 | Vaults:1 | Entered Level 1 of the Vaults
 48084 | Vaults:1 | Received a gift from Trog
 48556 | Vaults:1 | Reached XP level 20. HP: 163/170 MP: 20/20
 49027 | Vaults:1 | Found Qiwkadi's Armour Shoppe.
 49088 | Vaults:1 | Bought a +1 pair of gloves of hurling for 297 gold pieces
 49404 | Vaults:2 | Received a gift from Trog
 50123 | Vaults:2 | Found Zesarr's Weapon Emporium.
 50552 | Vaults:2 | Identified a scroll of acquirement
 50559 | Vaults:2 | Acquired the +3 broad axe of Nuebrugux {drain, rN+ Str+2
                  | Int+2}
 50841 | Vaults:2 | Found a staircase to the Crypt.
 50841 | Vaults:2 | Found an ancient bone altar of Kikubaaqudgha.
 50842 | Vaults:2 | Found a basalt altar of Yredelemnul.
 52242 | Vaults:3 | Noticed Zenata
 52255 | Vaults:3 | Killed Zenata
 52647 | Vaults:3 | Received a gift from Trog
 53006 | Orc:1    | Bought a manual of Throwing for 1200 gold pieces
 53506 | Vaults:3 | Reached XP level 21. HP: 183/183 MP: 21/21
 53564 | Vaults:3 | Reached skill level 10 in Throwing
 54138 | Vaults:3 | Found Rommodeh's Book Emporium.
 54159 | Vaults:4 | Found Qakaoz's Weapon Shop.
 54973 | Vaults:4 | Received a gift from Trog
 55645 | Vaults:4 | Reached skill level 15 in Throwing
 56125 | Depths:1 | Entered Level 1 of the Depths
 56125 | Depths:1 | Found a one-way gate to the infinite horrors of the Abyss.
 56399 | Depths:1 | Received a gift from Trog
 57239 | Depths:1 | Found a gateway to Hell.
 57578 | Depths:1 | Identified the +1 acid dragon scales of Pauhimpa {*Slow
                  | rPois rCorr Str+2 Slay+6}
 58367 | Depths:2 | Received a gift from Trog
 58368 | Depths:2 | Reached XP level 22. HP: 122/192 MP: 22/22
 58620 | Depths:2 | Identified the orb "Wogref" {*channel, Slay+4}
 59145 | Depths:2 | Identified the +0 chain mail of the Tentacled God {Regen+
                  | MP-9 Str+7 Stlth-}
 59254 | Depths:2 | Found a one-way gate leading to the halls of Pandemonium.
 59808 | Depths:3 | Found a one-way gateway to a ziggurat.
 60552 | Depths:3 | Identified the orb "Itustir" {light, ^Drain Str+5 Air}
 60552 | Depths:3 | Noticed Frederick
 60565 | Depths:2 | Received a gift from Trog
 60969 | Orc:1    | Bought a manual of Dodging for 1200 gold pieces
 61244 | Depths:3 | Killed Frederick
 61333 | Depths:3 | Found a corrupted altar of Lugonu.
 61953 | Depths:4 | Entered Level 4 of the Depths
 62898 | Depths:4 | Noticed a caustic shrike
 62899 | Depths:4 | Noticed a caustic shrike
 62938 | Depths:4 | Noticed a caustic shrike
 62942 | Depths:4 | Killed a caustic shrike
 62943 | Depths:4 | Killed a caustic shrike
 62949 | Depths:4 | Killed a caustic shrike
 64133 | Depths:4 | Found Ipnom's Antique Weapon Boutique.
 64176 | Depths:4 | Reached skill level 15 in Dodging
 64180 | Depths:4 | Noticed a caustic shrike
 64189 | Depths:4 | Killed a caustic shrike
 64580 | Depths:4 | Reached XP level 23. HP: 162/194 MP: 23/23
 65113 | Depths:4 | Identified the +7 war axe of Reinforcement {flame, rF+ rC+}
                  | (Trog gifted it to you on level 4 of the Depths)
 65113 | Depths:4 | Received a gift from Trog
 65485 | Depths:4 | Found a runed translucent door.
 65492 | Depths:4 | Found a runed translucent door.
 65529 | Depths:4 | Found a runed translucent door.
 65533 | Depths:4 | Found a runed translucent door.
 65552 | Depths:4 | Found a runed translucent door.
 65562 | Depths:4 | Found a runed translucent door.
 65572 | Depths:4 | Found a gate to the Realm of Zot.
 66553 | Elf:1    | Entered Level 1 of the Elven Halls
 66956 | Elf:1    | Identified the +8 war axe of Corpus Delicti {drain, Dex+3}
 67784 | Elf:2    | Identified the ring "Xer Mam" {*Slow Fly Str+3 SInv}
 67851 | Elf:2    | Received a gift from Trog
 68436 | Elf:2    | Found a runed translucent gate.
 68437 | Elf:2    | Found a runed translucent gate.
 68437 | Elf:2    | Found a runed translucent gate.
 68917 | Elf:2    | Received a gift from Trog
 69217 | Elf:3    | Entered Level 3 of the Elven Halls
 69685 | Elf:3    | Identified the ring "Haonuod" {Ice Slay+2}
 69796 | Elf:3    | Identified the +12 gold dragon scales of Lachrymose the
                  | Leaf {Harm rPois rF+ rC+ rCorr}
 69804 | Elf:3    | Identified the ring "Laygodgh" {Fly rF+}
 69821 | Elf:3    | Identified the +8 spear "Toahuele" {venom, Str+2}
 69821 | Elf:3    | Identified the amulet of the Firefly {Acrobat +Blink SInv}
 70294 | Elf:3    | Received a gift from Trog
 70606 | Elf:3    | Identified the ring of Losekk {rPois EV+5 Str-4 SInv}
 70822 | Elf:3    | Identified the +0 leather armour of Valour {+Inv Stlth+}
 70873 | Elf:3    | Reached XP level 24. HP: 162/214 MP: 7/23
 70996 | Elf:3    | Identified the amulet of Dishonesty {Will+ Regen+ RegenMP+
                  | Stlth+}
 71000 | Elf:3    | Identified the ring of the Curupira {Wiz Dex+2}
 71212 | Elf:3    | Identified the staff of Ash {rF+ Str+3 Dex+4 Fire}
 71239 | Elf:3    | Identified the +0 arbalest "Xuruic" {penet, rElec rC- Str+3
                  | Int-5}
 71392 | Elf:3    | Identified the +0 cloak "Ucyfiv" {-Cast rElec Str+7}
 71896 | Slime:1  | Entered Level 1 of the Pits of Slime
 72085 | Slime:3  | You fall into a shaft and drop 1 floor!
 72134 | Slime:4  | Received a gift from Trog
 72711 | Slime:5  | Entered Level 5 of the Pits of Slime
 72969 | Slime:5  | Gained mutation: You sometimes lose your temper in combat.
                  | [a shining eye]
 72987 | Slime:5  | Found the +12 glaive of Prune {freeze, Prune}
 73350 | Slime:5  | Noticed the Royal Jelly
 73512 | Slime:5  | Killed the Royal Jelly
 73893 | Slime:5  | Identified the +1 orcbow "Demon's Doom" {speed, Dex+5}
 73911 | Slime:5  | Identified the amulet of Ilemugonuu {Reflect rCorr Slay+5
                  | SH+5}
 74008 | Slime:5  | Identified the +9 spear of Hacking and Slashing {flame,
                  | rPois SInv} (Trog gifted it to you on level 5 of the Pits
                  | of Slime)
 74008 | Slime:5  | Received a gift from Trog
 74093 | Slime:5  | Identified the staff "Negrig" {rElec rF+ Dex+3 Air}
 74283 | Slime:5  | Got a slimy rune of Zot
 74344 | Slime:5  | Identified the +0 robe "Plog" {-Tele rF++ Archmagi}
 74958 | D:2      | Bought a runed helmet for 225 gold pieces
 75167 | Orc:2    | Bought a potion of mutation for 248 gold pieces
 75626 | Crypt:1  | Entered Level 1 of the Crypt
 76911 | Crypt:1  | Found an ancient bone altar of Kikubaaqudgha.
 77735 | Crypt:1  | Found an ancient bone altar of Kikubaaqudgha.
 77856 | Crypt:3  | Entered Level 3 of the Crypt
 77961 | Crypt:3  | Found a staircase to the Tomb.
 78009 | Crypt:3  | Noticed a curse toe
 78040 | Crypt:3  | Killed a curse toe
 78329 | Crypt:3  | Reached XP level 25. HP: 226/226 MP: 23/23
 79259 | Crypt:3  | Noticed an ancient lich
 79259 | Crypt:3  | Noticed a dread lich
 79627 | Snake:2  | Received a gift from Trog
 79637 | Snake:2  | Killed D0namaru's ghost
 79723 | Snake:3  | Found a bloodstained altar of Trog.
 79741 | Snake:3  | Killed Uramy's ghost
 79762 | Snake:3  | Identified the +3 scale mail of the Three of Wands {Slay+4}
 80126 | Hell     | Entered the Vestibule of Hell
 80126 | Hell     | Noticed Geryon
 81273 | Zot:1    | Entered Level 1 of the Realm of Zot
 82006 | Zot:2    | Noticed a Killer Klown
 82132 | Zot:2    | Received a gift from Trog
 82238 | Zot:2    | Killed a Killer Klown
 82964 | Zot:2    | Noticed a Killer Klown
 82980 | Zot:2    | Killed a Killer Klown
 83077 | Zot:2    | Noticed a Killer Klown
 83097 | Zot:2    | Killed a Killer Klown
 83316 | Zot:2    | Found a runed translucent door.
 83316 | Zot:2    | Noticed Vytzaeja's ghost (veteran OnBe)
 83338 | Zot:2    | Noticed a Killer Klown
 83370 | Zot:2    | Killed a Killer Klown
 83656 | Zot:2    | Found a shimmering altar of Xom.
 83656 | Zot:2    | Found a glowing silver altar of Zin.
 83656 | Zot:2    | Found a shimmering altar of Xom.
 83656 | Zot:2    | Found a shimmering altar of Xom.
 83901 | Zot:2    | Found a shimmering altar of Xom.
 84141 | Zot:2    | Killed Vytzaeja's ghost
 84620 | Zot:2    | Reached XP level 26. HP: 239/239 MP: 23/23
 85055 | Zot:3    | Found a runed translucent gate.
 85056 | Zot:3    | Found a runed translucent gate.
 85057 | Zot:3    | Found a runed translucent gate.
 85058 | Zot:3    | Noticed Kinwaexu's ghost (veteran OnBe)
 85059 | Zot:3    | Noticed Cuhyol's ghost (veteran MfSh)
 85059 | Zot:3    | Noticed Gadrel's ghost (veteran AtFi)
 85059 | Zot:3    | Noticed Obluekk's ghost (veteran MiBe)
 85710 | Zot:4    | Received a gift from Trog
 86232 | Zot:4    | Reached skill level 27 in Evocations
 86648 | Zot:4    | Reached skill level 27 in Fighting
 87001 | Zot:4    | Identified the +2 quarterstaff of Ash {freeze, Will++
                  | Dex+2}
 87608 | Zot:5    | Entered Level 5 of the Realm of Zot
 87732 | Zot:5    | Received a gift from Trog
 88563 | Zot:5    | Noticed an ancient lich
 88580 | Zot:5    | Killed an ancient lich
 88588 | Zot:5    | Noticed an orb of fire
 88593 | Zot:5    | Noticed a Killer Klown
 88593 | Zot:5    | Noticed an orb of fire
 88597 | Zot:5    | Killed an orb of fire
 88602 | Zot:5    | Noticed a Killer Klown
 88610 | Zot:5    | Killed an orb of fire
 88613 | Zot:5    | Noticed a Killer Klown
 88647 | Zot:5    | Killed a Killer Klown
 88975 | Zot:5    | Killed a Killer Klown
 89103 | Zot:5    | Reached XP level 27. HP: 223/249 MP: 23/23
 89822 | Zot:5    | Noticed an orb of fire
 89830 | Zot:5    | Noticed an orb of fire
 89844 | Zot:5    | Killed an orb of fire
 89845 | Zot:5    | Gained mutation: You are strong-willed. (Will+) [an orb of
                  | fire]
 89846 | Zot:5    | Gained mutation: You occasionally lose the ability to drink
                  | potions when taking damage. [an orb of fire]
 89847 | Zot:5    | Killed an orb of fire
 89847 | Zot:5    | Received a gift from Trog
 89856 | Zot:5    | Noticed an orb of fire
 89861 | Zot:5    | Noticed an ancient lich
 89865 | Zot:5    | Gained mutation: You occasionally shout uncontrollably at
                  | your foes. [an orb of fire]
 89867 | Zot:5    | Killed an orb of fire
 89870 | Zot:5    | Noticed a dread lich
 89874 | Zot:5    | Killed a dread lich
 89877 | Zot:5    | Killed an ancient lich
 90555 | Zot:5    | Got the Orb of Zot
 90666 | Zot:4    | Noticed Taxkus the pandemonium lord
 90724 | Zot:3    | Noticed Ychag the pandemonium lord
 90737 | Zot:2    | Noticed Ytadwi the pandemonium lord
 91218 | D:3      | Noticed a seraph
 91313 | D:$      | Escaped with the Orb!

Illustrated notes

Levels and vault maps discovered:
D:1:      mrwooster_arrival_arrow, layout_rooms
D:2:      layout_loops_ring, serial_shops, nicolae_shop_hallway_stairs,
          nicolae_shop_rolled_up, shop_fountains, shop, uniq_sigmund,
          uniq_jessica, uniq_robin, uniq_crazy_yiuf_cottage
D:3:      layout_basic, grunt_temple_overflow_open, portal_sewer_entry_e,
          hangedman_feature_mirror
D:4:      layout_cave_pools, grunt_temple_overflow_holy_war,
          nicolae_overflow_two_pavilions, grunt_tough_drop, uniq_eustachio,
          uniq_menkaure
D:5:      layout_rooms, uniq_edmund
D:6:      layout_rooms, lemuel_temple_firewalk_a,
          nicolae_concentric_dashed_squares_mild, uniq_grinder
D:7:      layout_basic, nzn_hepliaklqana_mist_gate, uniq_maggie
D:8:      layout_loops_corners, minmay_misc_feat_chi
D:9:      layout_long_grid
D:10:     layout_basic, erik_orc_1, serial_curves, eino_curves_02,
          eino_curves_04, hellmonk_ghost_big_iron, minivault_10,
          roderic_roman_lattice
D:11:     minmay_curly_fans, layout_rooms, minmay_lair_entry_grove, uniq_grum,
          uniq_erica
D:12:     layout_irregular_city, serial_shops, shop
D:13:     layout_basic, skrybe_vaults_entry_preservation, serial_shops, shop,
          minmay_misc_feat_more_columns
D:14:     layout_small_grid
D:15:     hellmonk_depths_entry_around_the_bend, layout_loops_ring,
          nicolae_the_louvre, nicolae_dithmenos_the_darkroom, uniq_nessos
Lair:1:   layout_layer_cave, nicolae_lair_lindhole
Lair:2:   hangedman_what_comes_after_a, layout_loops_ring,
          mainiacjoe_swamp_entry_lozenge_pond
Lair:3:   layout_cave_pods, minmay_snake_entry_six_corridors, enter_volcano_4,
          minmay_lindwurm_lava
Lair:4:   nzn_motion_control, layout_gridlike, minmay_slime_entry_oklob_open,
          grunt_megastairs_1, uniq_kirke
Lair:5:   grunt_lair_end_beastmaster, layout_misc_corridors, fungi_pond_lemuel,
          columned_hall_lemuel, chequers_serial_rivers_large_a, wad_woods_02,
          uniq_snorg, uniq_sonja
Swamp:1:  layout_basic_swamp, serial_swamp_ruin, evilmike_swamp_ruin_rubble_1,
          evilmike_swamp_ruin_house_2, evilmike_swamp_ruin_wall, swamp_pool_1_2
Swamp:2:  layout_basic_swamp, evilmike_swamp_ruin_rubble_2, swamp_pool_1_2,
          statue_in_the_mist_lemuel, infiniplex_staircase_pool, uniq_mlioglotl
Swamp:3:  layout_basic_swamp, evilmike_swamp_ruin_house_3, swamp_pool_1_2,
          nicolae_swamp_oxbows
Swamp:4:  swamp_fiery, layout_basic_swamp, infiniplex_staircase_pool_2
Snake:1:  layout_honeycomb
Snake:2:  layout_rooms, basic_altar, ebering_ghost_xom,
          nicolae_snake_double_loop, serial_bayou_shore_a, uniq_donald,
          uniq_aizul
Snake:3:  layout_misc_corridors, gammafunk_ghost_wrathful_warriors,
          serial_bayou_shore_b, nicolae_triple_integral, grunt_megastairs_4,
          uniq_saint_roka
Snake:4:  grunt_snake_rune_serpentine_throne, layout_cave_town,
          serial_bayou_shore_b, grunt_megastairs_2
Slime:1:  layout_caves
Slime:2:  layout_caves
Slime:3:  layout_caves
Slime:4:  layout_caves
Slime:5:  slime_pit_nicolae_inversion
Orc:1:    layout_caves, serial_shops, nicolae_shop_hallway_plus,
          nicolae_shop_self_help
Orc:2:    st_orc_ogre_mass, layout_caves, basic_altar, hellmonk_talismancer,
          uniq_jorgrun
Elf:1:    layout_geoelf_diagonals, serial_glass, glass_columns_a,
          glass_columns_c, glass_columns_b, glass_columns_a, glass_columns_a,
          glass_columns_a, glass_columns_b, glass_columns_a, glass_columns_b,
          glass_columns_b, glass_columns_a, glass_columns_c, glass_columns_c,
          glass_columns_a, grunt_ministairs_11, dreamdust_princess_bridge,
          drop_trap
Elf:2:    nicolae_elf_blades_crystal_corner, layout_loops_ring
Elf:3:    grunt_elf_hall_diamonds, layout_rooms,
          serial_library_hellmonk_filled_rooms, drop_trap
Vaults:1: v_rooms_5, vaults_room_boxed, vaults_standard_mumra_x, v_rooms_5,
          nicolae_vaults_cochlea, nicolae_vaults_network_barrier,
          hangedman_vaults_restitches, ontoclasm_vaults_twist,
          nicolae_vaults_statue_guard, nicolae_vaults_trapezoid_3,
          nicolae_vaults_house_3, layout_vaults_maze, serial_shops, shop
Vaults:2: nicolae_vaults_mitosis, st_star, nicolae_vaults_shelves_hall,
          minmay_crypt_entry_necro_gods, nicolae_vaults_more_shelving_1,
          nicolae_vaults_closet_pinwheel_1, hangedman_vaults_pinch,
          nicolae_vaults_yaktaur_gun_rack, nicolae_vaults_tetromino_Z_1,
          lightli_orcish_oven, nicolae_vaults_trapezoid_lopsided_1,
          nicolae_vaults_double_plus_1, layout_vaults_omnicross, serial_shops,
          shop
Vaults:3: ontoclasm_vaults_shout, v_misc_9, vaults_room_fancy_cross,
          hangedman_vaults_cutoff, hangedman_vaults_maws, vaults_room_door_ring,
          hangedman_vaults_river_flow, v_misc_23, hangedman_vaults_capsules,
          nicolae_vaults_closet_pinwheel_4, nicolae_vaults_trapezoid_lopsided_1,
          layout_vaults_omnibox, serial_glass, serial_shops, shop, uniq_zenata
Vaults:4: vaults_room_stairs_pillars, vaults_standard_mumra_enter_the_diamond,
          nicolae_vaults_diamond_1, vaults_dpeg_spiral,
          vaults_dpeg_encased_lava, nicolae_vaults_tetromino_Z_1, v_pattern_4,
          nicolae_vaults_what_the_h, layout_vaults_omnigrid, serial_shops, shop
Crypt:1:  cheibrodos_crypt_eye_of_stone, layout_misc_corridors,
          lemuel_freeze_loot_1, lemuel_upstairs_altar
Crypt:2:  layout_regular_city
Crypt:3:  david_glass_crypt, layout_misc_corridors, st_chilly_death
Depths:1: layout_gridlike, abyss_entry, hell_entry, hangedman_decor_peaks_small,
          kennysheep_kite_vault
Depths:2: dreamdust_merry_men, layout_gridville, pf_hell_entry_tar_spiral,
          rand_demon_pan_entry_5, minmay_staircase_statues,
          serial_bayou_shore_b, serial_bayou_shore_b
Depths:3: kennysheep_spiral_hall, layout_cave_pools, enter_ziggurat_c,
          abyss_entry_flame_altar, pf_coc_iceberg, minmay_misc_feat_cross,
          infiniplex_staircase_split_hallway, uniq_frederick
Depths:4: evilmike_zot_entry_castle, layout_cave_shapes, serial_shops, shop,
          grunt_decor_cap, lightli_too_deep, serial_bayou_shore_b, uniq_margery
Hell
Zot:1:    layout_gridlike
Zot:2:    dreamdust_zin_vs_xom, layout_onion_interference, gammafunk_ghost_grave
Zot:3:    layout_misc_corridors, regret_index_zotdec_decaying_basic,
          gammafunk_ghost_cemetery
Zot:4:    layout_concentric_octagons, regret_index_zotdec_wing_it,
          hangedman_player_shredder
Zot:5:    layout_gridlike

Skill      XL: |  1  2  3  4  5  6  7  8  9 10 11 12 13 14 15 16 17 18 19 20 21 22 23 24 25 26 27 |
---------------+----------------------------------------------------------------------------------+-----
Polearms       | 2 3 5 6 7 8 9 |  9.9
Armour         | 3 4 5 6 8 9 10 11 13 16 17 19 20 | 20.4
Dodging        | 1 3 4 5 7 9 10 15 | 15.0
Fighting       | 4 6 7 8 10 11 12 13 15 17 20 21 23 24 26 27 | 27.0
Throwing       | 1 3 4 7 9 15 | 15.0
Axes           | 8 12 13 14 16 18 20 | 20.1
Evocations     | 3 7 9 11 13 14 15 16 18 19 21 23 26 27 | 27.0
Shields        | |  2.1

Action                     |  1- 3 |  4- 6 |  7- 9 | 10-12 | 13-15 | 16-18 | 19-21 | 22-24 | 25-27 || total
---------------------------+-------+-------+-------+-------+-------+-------+-------+-------+-------++-------
  Melee: Trident           |    76 |   188 |   482 |   800 |   341 |       |       |       |       ||  1887
         Dagger            |       |   140 |    23 |       |       |       |       |       |       ||   163
         Broad axe         |       |       |       |   366 |  1053 |  1770 |  1891 |  1450 |   829 ||  7359
         War axe           |       |       |       |       |       |       |       |   734 |   835 ||  1569
  Throw: Javelin           |       |     2 |       |       |       |       |       |     2 |     3 ||     7
         Stone             |       |       |     2 |       |       |       |     3 |       |    20 ||    25
         Dart              |       |       |     3 |    13 |     9 |     3 |    20 |       |     5 ||    53
         Boomerang         |       |       |       |       |       |       |       |       |    16 ||    16
 Invoke: Berserk           |       |       |     2 |     6 |     2 |     7 |     7 |     3 |       ||    27
         Trog's Hand       |       |       |       |     1 |     1 |       |       |     1 |     1 ||     4
         Brothers in Arms  |       |       |       |       |     2 |       |     2 |     2 |     1 ||     7
Ability: Invent Gizmo      |       |       |       |       |     1 |       |       |       |       ||     1
  Evoke: Wand              |       |       |       |     7 |     1 |       |     3 |    18 |    22 ||    51
         Lightning rod     |       |       |       |       |       |       |       |       |     2 ||     2
         Box of beasts     |       |       |       |       |       |       |       |       |     1 ||     1
    Use: Potion            |     1 |       |     4 |     2 |     1 |     3 |       |     6 |    26 ||    43
         Scroll            |       |     2 |     6 |     9 |    16 |     5 |     4 |     8 |    20 ||    70
   Stab: Petrified         |       |       |       |       |     9 |       |       |       |       ||     9
         Petrifying        |       |       |       |       |     1 |       |       |       |       ||     1
 Armour: Scale mail        |    35 |   106 |     3 |       |       |   625 |       |       |       ||   769
         Plate armour      |       |       |    84 |       |    22 |   190 |   906 |   800 |       ||  2002
         Ring mail         |       |       |    65 |   251 |    50 |       |       |       |       ||   366
         Chain mail        |       |       |       |   315 |   523 |       |       |       |       ||   838
         Gold dragon scale |       |       |       |       |       |       |       |   239 |   945 ||  1184
         Skin              |       |       |       |       |       |       |       |       |    10 ||    10
  Dodge: Dodged            |    28 |    66 |    54 |   339 |   291 |   390 |   432 |   454 |   359 ||  2413
  Block: Buckler           |    13 |       |       |       |       |       |       |       |       ||    13

Table legend: (Time is in decaauts)
 A = Elapsed time spent in this place.
 B = Non-inter-level travel time spent in this place.
 C = Inter-level travel time spent in this place.
 D = Time resting spent in this place.
 E = Time spent auto-exploring this place.
 F = Levels seen in this place.
 G = Mean time per level.
                   A        B        C        D        E       F      G
               +--------+--------+--------+--------+--------+-----+--------+
         Total |  90926 |  79401 |  11525 |  11922 |  49827 |  57 | 1595.2 |
       Dungeon |  21680 |  16604 |   5076 |   2119 |  11045 |  15 | 1445.3 |
          Lair |  10004 |   8527 |   1477 |   1054 |   5720 |   5 | 2000.8 |
         Swamp |   5293 |   5038 |    255 |    736 |   3349 |   4 | 1323.2 |
     Snake Pit |   9396 |   8760 |    636 |   1741 |   5617 |   4 | 2349.0 |
    Slime Pits |   2561 |   2159 |    402 |    690 |    370 |   5 |  512.2 |
  Orcish Mines |   2780 |   2364 |    416 |    559 |   1084 |   2 | 1390.0 |
   Elven Halls |   5646 |   4816 |    830 |    853 |   2828 |   3 | 1882.0 |
        Vaults |   8859 |   8057 |    802 |     56 |   6713 |   4 | 2214.8 |
         Crypt |   3756 |   3589 |    167 |    286 |   2357 |   3 | 1252.0 |
        Depths |  10286 |   9360 |    926 |   1582 |   5905 |   4 | 2571.5 |
          Hell |     23 |     23 |      0 |      0 |      0 |   1 |   23.0 |
           Zot |   9516 |   8983 |    533 |   1725 |   4566 |   5 | 1903.2 |
         Sewer |    209 |    209 |      0 |      0 |    141 |   1 |  209.0 |
       Volcano |    911 |    911 |      0 |    518 |    129 |   1 |  911.0 |
               +--------+--------+--------+--------+--------+-----+--------+

Top non-repeatable levels by time:
    D:10: 4334 daAuts
Depths:4: 3518 daAuts
 Snake:4: 3322 daAuts
 Snake:3: 3003 daAuts
Vaults:2: 2703 daAuts
   Zot:2: 2684 daAuts
Vaults:1: 2631 daAuts
   Elf:3: 2608 daAuts
   Zot:4: 2575 daAuts
   Zot:5: 2567 daAuts
Depths:3: 2544 daAuts
  Lair:2: 2419 daAuts
  Lair:4: 2275 daAuts
     D:2: 2221 daAuts
  Lair:1: 2190 daAuts
